Map: Efflorescence LE

Players

ShaBi

  • Race: Terran Terran
  • League: Platinum
  • Spawn Location: 3:00

serral

  • Race: Protoss Protoss
  • Spawn Location: 12:00

Massa

  • Race: Terran Terran
  • League: Gold
  • Spawn Location: 6:00

qqq

  • Race: Zerg Zerg
  • Spawn Location: 9:00

VOD

Have the link to the VOD?

Description

Time

  • Played on: June 23, 2020, 3:30 p.m.
  • Length: 8:50
Show
View Real Time Build Order
Export as new Build Order

ShaBi Terran 

Build Orders: 2 Factory, Mech 

Get SALT Encoding   

  12  0:01  SCV  
  13  0:13  SCV  
  14  0:19  Supply Depot  
  14  0:25  SCV  
  15  0:41  SCV, Barracks  
  16  0:46  Refinery  
  16  0:53  SCV  
  17  1:05  SCV  
  18  1:17  SCV  
  19  1:29  SCV  
  19  1:30  Reaper  
  21  1:37  Command Center  
  21  1:41  SCV  
  22  1:53  Orbital Command  
  22  2:00  Supply Depot  
  22  2:19  Factory  
  22  2:21  Refinery  
  22  2:22  SCV  
  23  2:34  SCV  
  23  2:36  Marine  
  25  2:46  SCV  
  25  2:52  Orbital Command  
  25  2:54  Marine  
  26  2:58  Supply Depot  
  26  3:05  Widow Mine  
  28  3:11  Marine  
  28  3:12  SCV, Bunker  
  30  3:18  Factory  
  30  3:22  SCV  
  30  3:24  SCV  
  30  3:26  Widow Mine  
  34  3:29  Marine  
  34  3:31  Refinery  
  36  3:34  SCV  
  36  3:42  Supply Depot  
  36  3:49  Marine  
  36  3:53  Bunker  
  37  3:59  Factory Reactor  
  37  4:02  SCV x2  
  39  4:07  Marine  
  40  4:11  Factory Tech Lab  
  40  4:14  SCV, Armory  
  40  4:15  SCV  
  37  4:24  Marine  
  37  4:26  SCV  
  37  4:27  SCV  
  37  4:30  Siege Tank  
  37  4:42  Marine  
  38  4:49  Hellion x2  
  40  4:59  SCV x2  
  30  5:00  Marine  
  31  5:10  Hellion x2  
  31  5:12  SCV x2  
  34  5:18  Marine  
  35  5:24  SCV  
  35  5:25  SCV  
  37  5:32  Hellion x2  
  37  5:34  Siege Tank  
  44  5:36  SCV, Marine  
  44  5:37  SCV  
  47  5:48  SCV  
  48  5:53  Marine  
  41  6:04  Hellion x2  
  45  6:05  Infernal Pre-Igniter  
  45  6:08  Siege Tank  
  48  6:11  Marine  
  48  6:13  Factory  
  48  6:14  Terran Vehicle And Ship Armor Level 1  
  48  6:15  SCV x2  
  51  6:25  Hellion  
  53  6:27  SCV  
  53  6:29  Supply Depot  
  54  6:34  Supply Depot  
  54  6:36  Marine  
  54  6:37  SCV  
  54  6:39  SCV  
  40  6:49  SCV  
  41  6:58  Marine  
  42  7:02  Cyclone  
  42  7:03  Hellbat x2  
  42  7:06  Factory Tech Lab, Hellion x2  
  49  7:14  SCV x2  
  51  7:16  Marine  
  51  7:17  Refinery  
  52  7:25  Hellion x2  
  56  7:33  Armory  
  56  7:34  Cyclone, Marine  
  60  7:43  SCV x2  
  62  7:45  Command Center  
  62  7:46  Hellion x2  
  66  7:54  Cyclone  
  69  8:00  Supply Depot  
  69  8:07  SCV  
  70  8:20  SCV, Hellion  
  70  8:22  Hellion  
  70  8:26  Hellion  
  68  8:41  Supply Depot  
Show
View Real Time Build Order
Export as new Build Order

serral Protoss 

Build Orders: 1 Gate Expand, Blink Stalkers 

Get SALT Encoding   

  12  0:01  Probe  
  13  0:13  Probe  
  14  0:20  Pylon  
  14  0:25  Probe  
  15  0:34  Probe  
  15  0:41  Gateway  
  15  0:42  Probe  
  17  0:53  Probe, Assimilator  
  18  1:05  Probe  
  19  1:17  Probe  
  20  1:28  Nexus  
  20  1:39  Cybernetics Core  
  19  2:03  Probe, Assimilator  
  19  2:05  Pylon  
  19  2:07  Adept  
  20  2:11  Probe  
  21  2:20  Probe  
  21  2:21  Warp Gate  
  23  2:27  Twilight Council  
  24  2:33  Probe  
  25  2:39  Stalker  
  25  2:42  Shield Battery  
  25  2:45  Probe  
  25  2:50  Pylon  
  28  2:55  Blink  
  28  2:56  Probe  
  29  3:00  Probe  
  30  3:08  Stalker  
  32  3:21  Shield Battery  
  32  3:32  Gateway  
  32  3:39  Robotics Facility  
  32  3:40  Stalker  
  32  3:44  Probe  
  32  3:47  Probe  
  36  3:56  Probe  
  36  3:59  Probe  
  38  4:08  Probe  
  39  4:11  Probe  
  39  4:31  Immortal  
  39  4:34  Stalker  
  39  4:36  Stalker  
  45  5:15  Stalker x2  
  49  5:27  Observer  
  50  5:34  Forge  
  50  5:37  Forge  
  50  5:38  Pylon  
  50  5:41  Stalker x2  
  54  5:46  Pylon  
  54  6:05  Protoss Ground Weapons Level 1, Stalker x2  
  54  6:06  Protoss Ground Armor Level 1  
  54  6:08  Charge  
  58  6:12  Gateway  
  58  6:15  Gateway  
  58  6:16  Probe  
  58  6:17  Probe  
  58  6:19  Gateway  
  58  6:20  Gateway  
  58  6:24  Probe  
  58  6:25  Probe  
  62  6:34  Probe x2  
  62  6:35  Zealot  
  62  6:36  Zealot  
  68  6:46  Probe  
  67  6:56  Stalker  
  67  7:01  Pylon  
  69  7:04  Pylon  
  69  7:18  Warp Prism  
  71  7:30  Templar Archives  
  71  7:32  Nexus  
  71  7:33  Zealot x3  
  77  7:39  Stalker  
  77  7:40  Stalker  
  81  7:46  Zealot  
  83  7:54  Pylon  
  83  8:00  Pylon  
  71  8:29  Zealot x2  
  71  8:30  Zealot x4  
Show
View Real Time Build Order
Export as new Build Order

Massa Terran 

Build Orders:  

Get SALT Encoding   

  12  0:12  Supply Depot  
  12  0:13  SCV  
  13  0:26  SCV  
  14  0:34  Barracks  
  14  0:40  SCV  
  15  0:52  SCV  
  16  1:02  Supply Depot  
  16  1:04  SCV  
  17  1:14  Refinery  
  17  1:16  SCV  
  18  1:28  SCV  
  19  1:40  SCV, Marine  
  19  1:42  Barracks  
  21  1:55  Barracks  
  21  1:57  SCV  
  21  1:58  Marine  
  23  2:09  SCV  
  23  2:14  Supply Depot  
  24  2:15  Marine  
  25  2:33  Marine x2  
  27  2:42  Supply Depot  
  27  2:44  Factory  
  27  2:51  Marine  
  27  2:58  Marine x2  
  30  3:07  Supply Depot  
  30  3:09  Marine  
  31  3:16  Marine x2  
  31  3:18  Orbital Command  
  33  3:26  Marine  
  34  3:32  Factory Tech Lab  
  34  3:34  Marine x2  
  36  3:44  Marine  
  37  3:52  Marine x2  
  39  4:05  SCV, Command Center  
  39  4:06  Marine  
  39  4:09  Marine  
  41  4:10  Marine  
  41  4:31  Marine  
  41  4:32  Marine x2  
  44  4:49  Marine x3  
  43  5:07  Marine x2  
  34  5:15  Marine  
  34  5:17  Siege Tank  
  37  5:25  Marine x2  
  39  5:30  SCV  
  39  5:32  SCV  
  39  5:33  Marine  
  42  5:42  SCV, Marine  
  43  5:43  Marine  
  43  5:44  SCV  
  43  5:47  Barracks  
  43  5:49  Siege Tank  
  49  5:51  Marine  
  49  5:54  SCV  
  49  5:56  SCV  
  52  6:00  Engineering Bay  
  52  6:06  SCV  
  52  6:07  Barracks Tech Lab, Marine  
  52  6:09  Marine  
  55  6:14  SCV  
  56  6:18  SCV  
  56  6:22  Siege Tank  
  56  6:24  Barracks  
  60  6:25  Marine  
  60  6:26  SCV, Marine  
  60  6:30  SCV  
  64  6:38  SCV  
  65  6:43  Marine  
  47  7:04  Barracks Reactor  
  47  7:06  Siege Tank  
  50  7:14  Starport  
  50  7:17  Refinery, Barracks Tech Lab  
  50  7:35  Marauder x2  
  54  7:41  Refinery  
  54  7:43  Refinery, Orbital Command  
  54  7:47  SCV, Command Center  
  55  7:56  Marauder  
  55  7:57  Marauder  
  59  7:59  SCV, Marine x4  
  64  8:11  SCV  
  65  8:17  Marine x3  
  65  8:18  Marauder  
  70  8:27  SCV  
  70  8:29  Marine  
Show
View Real Time Build Order
Export as new Build Order

qqq Zerg 

Build Orders: Hatch First 

Get SALT Encoding   

  12  0:03  Drone  
  13  0:08  Drone  
  14  0:36  Hatchery  
  13  0:52  Spawning Pool  
  12  1:03  Drone, Overlord  
  13  1:09  Drone  
  14  1:12  Extractor  
  13  1:20  Drone  
  14  1:37  Drone x2  
  16  1:42  Queen  
  18  1:48  Drone  
  18  1:53  Drone  
  20  1:59  Zergling x2  
  21  2:02  Drone  
  22  2:09  Zergling x2  
  23  2:18  Metabolic Boost  
  23  2:22  Overlord  
  23  2:23  Drone  
  23  2:29  Zergling x2  
  25  2:39  Zergling x2  
  25  2:43  Queen  
  28  2:48  Zergling x2  
  28  2:50  Zergling x4  
  31  2:57  Zergling x2  
  32  3:02  Zergling x6  
  35  3:09  Overlord  
  35  3:12  Zergling x2  
  36  3:19  Overlord  
  36  3:27  Overlord  
  36  3:30  Drone  
  36  3:31  Zergling x2  
  38  3:35  Zergling x2  
  38  3:37  Zergling x2  
  40  3:45  Zergling x4  
  40  3:47  Zergling x2  
  43  3:53  Zergling x2  
  43  3:55  Zergling x2  
  45  3:56  Drone  
  46  4:06  Zergling x2  
  46  4:07  Drone, Zergling x4  
  39  4:25  Zergling x8  
  39  4:26  Drone  
  38  4:40  Zergling x10  
  38  4:41  Zergling x2  
  40  5:12  Zergling x8  
  40  5:13  Zergling x4  
  40  5:14  Zergling x10  
  49  5:25  Drone  
  50  5:36  Hatchery  
  50  5:40  Zergling x4  
  50  5:42  Drone  
  45  6:09  Roach Warren, Lair  
  45  6:10  Zergling x4  
  45  6:11  Drone, Zergling x4  
  48  6:12  Zergling x6  
  52  6:24  Zergling x2  
  52  6:25  Zergling x2  
  54  6:28  Pneumatized Carapace  
  40  6:48  Zergling x10  
  40  6:50  Zergling x2  
  40  6:51  Roach x4  
  52  7:03  Drone, Queen  
  52  7:05  Roach  
  57  7:11  Overseer  
  57  7:19  Roach  
  57  7:20  Roach x2  
  63  7:25  Drone  
  63  7:26  Drone  
  63  7:28  Overlord  
  66  7:30  Drone  
  66  7:36  Overlord  
  66  7:37  Overlord  
  66  7:48  Roach x2  
  66  7:49  Roach x2  
  74  7:54  Overlord  
  74  7:55  Drone  
  74  7:58  Drone  
  69  8:24  Roach x3  
  69  8:25  Roach x4  
  69  8:26  Roach x2  
Tags
 
Add a new tag
Caveats
  • Supply blocks, unpowered buildings, or Contaminate may cause inaccurate times.
  • Supply counts are checked every 10 seconds.